 Dungeon Crawl Stone Soup version 0.31-a0-1-g4198be8af4 (webtiles) character file.

Game seed: 8608958566057477698

48 Jarnaxa the Firebug (level 3, -4/19 HPs)
             Began as a Deep Elf Fire Elementalist on May 2, 2023.
             Slain by Grinder (10 damage)
             ... while paralysed by Grinder
             ... on level 4 of the Dungeon.
             The game lasted 00:05:29 (1981 turns).

Jarnaxa the Firebug (Deep Elf Fire Elementalist)    Turns: 1981, Time: 00:05:30

Health: -4/19      AC:  2    Str:  5    XL:     3   Next: 50%
Magic:  7/10       EV:  2    Int: 21    God:
Gold:   50         SH:  0    Dex: 15    Spells: 9/10 levels left

rFire   . . .        l - +0 short sword
rCold   . . .        (no shield)
rNeg    . . .        a - +0 robe
rPois   .            (no helmet)
rElec   .            (no cloak)
rCorr   .            (no gloves)
SInv    .            (no boots)
Will    .....        (no amulet)
Stlth   ++           (no ring)
HPRegen 0.23/turn    (no ring)
MPRegen 0.12/turn

%: no passive effects
@: paralysed
A: no striking features
a: no special abilities


You were on level 4 of the Dungeon.
You visited 1 branch of the dungeon, and saw 3 of its levels.

You collected 70 gold pieces.
You spent 20 gold pieces at shops.

Inventory:

Hand Weapons
 l - a +0 short sword (weapon)
Armour
 a - a +0 robe (worn)
Jewellery
 o - a ring of willpower
Scrolls
 c - 3 scrolls of teleportation {unknown}
 d - 2 scrolls of amnesia {unknown}
 e - 3 scrolls of identify
 f - 2 scrolls of enchant armour {unknown}
 j - a scroll of silence {unknown}
 k - a scroll of vulnerability {unknown}
 m - a scroll of acquirement {unknown}
 n - a scroll of enchant weapon {unknown}
Potions
 b - a potion of magic
 g - a potion of attraction {unknown}
 h - 3 potions of heal wounds {unknown}
 i - a potion of curing {unknown}


   Skills:
 - Level 2.5 Dodging
 - Level 2.8 Stealth
 + Level 4.0 Spellcasting
 + Level 1.5 Conjurations
 + Level 4.1 Fire Magic


You had 9 spell levels left.
You knew the following spells:

 Your Spells              Type           Power      Damage    Failure   Level
a - Foxfire               Conj/Fire      64%        2x1d7     3%          1

Your spell library contained the following spells:

 Spells                   Type           Power      Damage    Failure   Level
 Scorch                   Fire           42%        2d6       3%          2
 Shock                    Conj/Air       28%        1d4       9%          1
 Inner Flame              Hex/Fire       12%        N/A       16%         3
 Volatile Blastmotes      Fire/Tloc      24%        2d12      16%         3
 Cigotuvi's Dreadful Rot  Necr/Pois/Air  8%         N/A       19%         2
 Dazzling Flash           Conj/Hex       14%        N/A       26%         3
 Swiftness                Air            4%         N/A       34%         3
 Tukima's Dance           Hex            4%         N/A       34%         3
 Flame Wave               Conj/Fire      16%        2d7       36%         4
 Airstrike                Air            2%         2d(1-17)  75%         4


Dungeon Overview and Level Annotations

Branches:
Dungeon (4/15)
 Temple: D:4-7

Altars:

Shops:
D:1 (:?

Annotations:
D:2 1 runed translucent door, Crazy Yiuf
D:4 Grinder


Message History

Grinder blinks!
You can move again.
There is an open door here.
Grinder gestures at you.
You barely resist.
Found 2 scrolls labelled ETICRU ROTS.
You conjure some foxfire!
Grinder gestures at you.
You suddenly lose the ability to move!
The foxfire hits Grinder.
Grinder is lightly wounded.
The foxfire hits Grinder.
Grinder is lightly wounded.
You can move again.
Grinder says, "Wait up."
You conjure some foxfire!
Grinder closely misses you.
You conjure some foxfire!
The foxfire hits Grinder.
Grinder is lightly wounded.
The foxfire hits Grinder but does no damage.
Grinder is lightly wounded.
Grinder hits you!
Ouch! That really hurt!
* * * LOW HITPOINT WARNING * * *
You are too injured to fight recklessly!
Casting: Foxfire (safe; 3% risk of failure)
Confirm with . or Enter, or press ? or * to list all spells.
You conjure some foxfire!
Grinder gestures at you.
You suddenly lose the ability to move!
The foxfire hits Grinder.
Grinder is moderately wounded.
The foxfire hits Grinder.
Grinder is moderately wounded.
The foxfire hits Grinder.
Grinder is moderately wounded.
The foxfire hits Grinder but does no damage.
Grinder is moderately wounded.
Grinder hits you!
Ouch! That really hurt!
You die...

#.... #....# ..
..##...........#....#...
...............+....'...
...... #.....####'##...
..... #.....##....#...
#... #...........# ..
.###...##...........+ ..
......§.............# .
......§@5...........# .
......§##.....####..#
....... #####'####..###
###.?.. #......5......+
##### #.............#
#....>.........#
#######..#####'# #..#
#.... #... #....


You could see Grinder.

Vanquished Creatures
  2 dart slugs (D:1)
  8 endoplasms
  4 giant cockroaches
  7 goblins
  A hobgoblin (D:1)
  A quokka (D:2)
  5 ball pythons
  4 bats
  A frilled lizard (D:1)
  2 kobolds
  5 rats
40 creatures vanquished.

Vanquished Creatures (others)
  112 foxfires
112 creatures vanquished.

Grand Total: 152 creatures vanquished

Notes
Turn   | Place    | Note
-------+----------+-------------------------------------------
     0 | D:1      | Jarnaxa the Deep Elf Fire Elementalist began the quest for
                  | the Orb.
     0 | D:1      | Reached XP level 1. HP: 10/10 MP: 6/6
   106 | D:1      | Found Amedwerph's Book Boutique.
   184 | D:1      | Found Fumnune's Magic Scroll Boutique.
   192 | D:1      | Bought a scroll of identify for 20 gold pieces
   244 | D:1      | Reached XP level 2. HP: 15/15 MP: 2/8
   714 | D:1      | Found Zathreuva's Antique Weapon Emporium.
  1301 | D:2      | Reached XP level 3. HP: 7/19 MP: 5/10
  1434 | D:2      | Got Keurumacs's Octavo of Wicked Rituals and Ensorcelling
  1817 | D:2      | Found a runed translucent door.
  1818 | D:2      | Noticed Crazy Yiuf
  1921 | D:2      | You fall into a shaft and drop 2 floors!
  1955 | D:4      | Noticed Grinder
  1962 | D:4      | Paralysed by Grinder for 3 turns
  1973 | D:4      | Paralysed by Grinder for 4 turns
  1980 | D:4      | Paralysed by Grinder for 2 turns
  1981 | D:4      | Slain by Grinder

Illustrated notes

Levels and vault maps discovered:
D:1:      dpeg_arrival_shrine, layout_loops_ring, serial_shops,
          nicolae_shop_real_fake_doors, nicolae_shop_statue_plus,
          nicolae_shop_statue_plus
D:2:      layout_loops_ring, uniq_crazy_yiuf_cottage
D:4:      layout_gridville, lemuel_round_altar, serial_bayou_pond_b,
          uniq_duvessa, uniq_grinder

Skill      XL: |  1  2  3 |
---------------+----------+-----
Fire Magic     | 4 |  4.1
Spellcasting   | 4 |  4.0
Dodging        | |  2.5
Stealth        | |  2.8
Conjurations   | |  1.5

Action                     || total
---------------------------++-------
  Melee: Unarmed           ||     2
   Cast: Foxfire           ||    82
 Armour: Robe              ||     7
  Dodge: Dodged            ||    26

Table legend: (Time is in decaauts)
 A = Elapsed time spent in this place.
 B = Non-inter-level travel time spent in this place.
 C = Inter-level travel time spent in this place.
 D = Time resting spent in this place.
 E = Time spent auto-exploring this place.
 F = Levels seen in this place.
 G = Mean time per level.
                   A        B        C        D        E       F      G
               +--------+--------+--------+--------+--------+-----+--------+
         Total |   1981 |   1944 |     37 |    242 |   1347 |   3 |  660.3 |
       Dungeon |   1981 |   1944 |     37 |    242 |   1347 |   3 |  660.3 |
               +--------+--------+--------+--------+--------+-----+--------+

Top non-repeatable levels by time:
     D:1: 1216 daAuts
     D:2: 705 daAuts
     D:4: 59 daAuts
